 Dungeon Crawl Stone Soup version 0.26-a0-664-gc8b27b8fc1 (webtiles) character file.

Game seed: 5648935350758960133

217 Radels the Cutter (level 6, -2/39 HPs)
             Began as a Kobold Monk on Oct 13, 2020.
             Killed by divine providence
             ... invoked by an orc priest
              (11 damage)
             ... on level 3 of the Dungeon.
             The game lasted 00:08:52 (2696 turns).

Radels the Cutter (Kobold Monk)                     Turns: 2696, Time: 00:08:53

Health: -2/39      AC:  4    Str:  8    XL:     6   Next: 16%
Magic:  6/6        EV: 16    Int: 11    God:
Gold:   48         SH:  0    Dex: 20    Spells: 5/5 levels left

rFire    . . .     SeeInvis .   m - +0 dagger
rCold    . . .     Faith    .   (shield restricted)
rNeg     . . .     Spirit   .   h - +0 leather armour
rPois    .         Reflect  .   (no helmet)
rElec    .         Harm     .   (no cloak)
rCorr    .         Rampage  .   (no gloves)
MR       .....                  v - +0 pair of boots
Stlth    ++++......             (no amulet)
HPRegen  0.13/turn              (no ring)
MPRegen  0.10/turn              (no ring)

@: no status effects
A: small, nightstalker 3
a: no special abilities


You were on level 3 of the Dungeon.
You visited 1 branch of the dungeon, and saw 3 of its levels.

You collected 48 gold pieces.

Inventory:

Hand Weapons
 a - a +0 short sword
 m - a +0 dagger (weapon)
Missiles
 g - 9 poisoned darts (quivered)
 p - a throwing net
Armour
 b - a +0 robe
 h - a +0 leather armour (worn)
 v - a +0 pair of boots (worn)
Wands
 t - a wand of iceblast (9)
Scrolls
 d - 4 scrolls of identify {unknown}
 e - a scroll of enchant armour {unknown}
 f - 3 scrolls of fog {unknown}
 i - a scroll of fear {unknown}
 j - 2 scrolls of remove curse {unknown}
 n - a scroll of teleportation {unknown}
 o - 2 scrolls of magic mapping {unknown}
 q - a scroll of amnesia {unknown}
 u - a scroll of blinking {unknown}
Potions
 c - a potion of berserk rage {unknown}
 k - 3 potions of curing {unknown}
 l - a potion of brilliance {unknown}
 r - a potion of cancellation {unknown}
 s - a potion of heal wounds {unknown}


   Skills:
 + Level 4.7 Fighting
 + Level 5.7 Short Blades
 - Level 4.0 Dodging
 + Level 5.3 Stealth


You had 5 spell levels left.
You didn't know any spells.
Your spell library was empty.

Dungeon Overview and Level Annotations

Branches:
Dungeon (3/15)

Altars:
Ashenzari
Makhleb
Trog
Wu Jian
The Shining One


Innate Abilities, Weirdness & Mutations

You are small and have problems with some larger weapons.
You are completely attuned to the shadows.


Message History

You are too injured to fight recklessly!
You are too injured to fight recklessly!
You are too injured to fight recklessly!
You are too injured to fight recklessly!
You are too injured to fight recklessly!
You are too injured to fight recklessly!
You hit the orc priest.
The orc priest is severely wounded.
The orc priest hits you with a +0 falchion.
* * * LOW HITPOINT WARNING * * *
You closely miss the orc priest.
The orc priest is severely wounded.
You hit the orc priest.
The orc priest is severely wounded.
The orc priest hits you but does no damage.
You hit the orc priest.
The orc priest is almost dead.
The orc priest mumbles some strange prayers to Beogh against you.
Beogh smites you!
You die...

# #########
#.....##...####..# #
###.########........ #
#...# ##....... #
###.### #....... #
#...# ##...†..
#>..####### #......
###.......... #......
#......o..... .......
#########.#...†@)...$
.....<.....####.......
.##############.......
# ####........)....
######...>#####.......
##......### #.......
##..>)..## #.......
##.......## #.....
...†.......


You could see an orc priest.

Vanquished Creatures
  An orc priest (D:3)
  A hound (D:2)
  Jessica (D:2)
  Terence (D:2)
  5 adders
  A worm (D:2)
  A dart slug (D:1)
  A leopard gecko (D:1)
  3 orcs (D:3)
  2 giant cockroaches
  8 goblins
  4 hobgoblins
  4 jackals (D:2)
  7 kobolds
  A quokka (D:2)
  A ball python (D:3)
  8 bats
  3 frilled lizards
  10 rats
63 creatures vanquished.

Notes
Turn   | Place    | Note
-------+----------+-------------------------------------------
     0 | D:1      | Radels the Kobold Monk began the quest for the Orb.
     0 | D:1      | Reached XP level 1. HP: 14/14 MP: 1/1
   359 | D:1      | Reached XP level 2. HP: 19/19 MP: 2/2
   572 | D:1      | Reached XP level 3. HP: 23/23 MP: 3/3
   691 | D:2      | Noticed Jessica
   695 | D:2      | Killed Jessica
   734 | D:2      | Reached XP level 4. HP: 23/29 MP: 4/4
   815 | D:2      | Found a burning altar of Makhleb.
  1030 | D:2      | Reached skill level 5 in Short Blades
  1102 | D:2      | Reached XP level 5. HP: 33/33 MP: 5/5
  1137 | D:2      | Found a glowing golden altar of the Shining One.
  1137 | D:2      | Found a broken altar of Ashenzari.
  1450 | D:2      | Noticed a moth of wrath
  1453 | D:2      | Found a bloodstained altar of Trog.
  1455 | D:2      | Noticed Terence
  1653 | D:2      | Killed Terence
  2089 | D:3      | Reached skill level 5 in Stealth
  2136 | D:3      | Reached XP level 6. HP: 31/39 MP: 6/6
  2618 | D:3      | Found an ornate altar of the Wu Jian Council.
  2696 | D:3      | Killed from afar by an orc priest

Illustrated notes

Levels and vault maps discovered:
D:1:      denvon_arrival_planthouse, layout_rooms
D:2:      layout_basic, bloody_makhleb, gammafunk_temple_overflow_pools,
          tgw_trog, uniq_jessica, uniq_terence
D:3:      layout_rooms, nicolae_overflow_crystal_walls

Skill      XL: |  1  2  3  4  5 |
---------------+----------------+-----
Stealth        | 3 4 5 |  5.3
Dodging        | 4 |  4.0
Fighting       | 4 |  4.7
Short Blades   | 5 |  5.7

Action                   |  1- 3 |  4- 6 || total
-------------------------+-------+-------++-------
Melee: Short sword       |    44 |       ||    44
       Dagger            |    10 |   206 ||   216
Throw: Dart              |       |     3 ||     3
 Stab: Sleeping          |    10 |    11 ||    21
       Distracted        |       |     1 ||     1
Armor: Robe              |     5 |       ||     5
       Leather armour    |       |    31 ||    31
Dodge: Dodged            |    29 |   162 ||   191

Table legend: (Time is in decaauts)
 A = Elapsed time spent in this place.
 B = Non-inter-level travel time spent in this place.
 C = Inter-level travel time spent in this place.
 D = Time resting spent in this place.
 E = Time spent auto-exploring this place.
 F = Levels seen in this place.
 G = Mean time per level.
                   A        B        C        D        E       F      G
               +--------+--------+--------+--------+--------+-----+--------+
         Total |   2632 |   2606 |     26 |    727 |   1198 |   3 |  877.3 |
       Dungeon |   2632 |   2606 |     26 |    727 |   1198 |   3 |  877.3 |
               +--------+--------+--------+--------+--------+-----+--------+

Top non-repeatable levels by time:
     D:2: 1231 daAuts
     D:3: 714 daAuts
     D:1: 686 daAuts
